General information
- name: BNet
- type: Ladder team game (AT/RT)
- host: Battle.net
- saver: TALONSAREIMBA
map: Feralas_LV
- players: 8
- length: 27:17
- speed: Fast
- version: 1.30 W3XP
- replay type: Public
» download(358 KB)
Players
team 1 (loser)
sivart (
green | 70 APM | 1545 actions | 22:13)
4 Death Knight
2 Death Coil
1 Unholy Aura
1 Death Pact
3 Lich
2 Frost Nova
1 Frost Armor
1 Mountain King
1 Storm Bolt
» actions
| Assign group hotkey | 3 | |
| Basic commands | 97 | |
| Build / train | 75 | |
| Enter build submenu | 24 | |
| Enter hero's abilities submenu | 8 | |
| Give item / drop item | 1 | |
| Remove unit from queue | 5 | |
| Right click | 832 | |
| Select / deselect | 329 | |
| Select group hotkey | 99 | |
| Use ability | 71 | |
1545 total
» units
| Acolyte | 10 | |
| Ghoul | 3 | |
| Crypt Fiend | 15 | |
| Frost Wyrm | 9 | |
| Rifleman | 3 | |
| Mortar Team | 4 | |
44 total
» upgrades
| Creature Attack | 2 | |
| Web | 1 | |
| Gunpowder | 1 | |
4 total
» buildings
| Crypt | 1 | |
| Graveyard | 1 | |
| Ziggurat | 7 | |
| Altar of Darkness | 1 | |
| Tomb of Relics | 1 | |
| Halls of the Dead | 1 | |
| Necropolis | 1 | |
| Black Citadel | 1 | |
| Sacrificial Pit | 1 | |
| Boneyard | 2 | |
17 total
» build order
00:12 Crypt
00:18 Graveyard
00:39 Ziggurat
01:03 Altar of Darkness
01:42 Tomb of Relics
02:07 Ziggurat
04:12 Halls of the Dead
04:14 Ziggurat
05:58 Ziggurat
08:44 Necropolis
09:57 Black Citadel
12:51 Sacrificial Pit
12:57 Ziggurat
13:52 Boneyard
14:08 Boneyard
17:59 Ziggurat
18:02 Ziggurat
» items
| Rod of Necromancy | 3 | |
| Scroll of Town Portal | 2 | |
| Orb of Corruption | 1 | |
6 total
ralphmacchio7 (
red | 144 APM | 2375 actions | 16:32)
4 Archmage
2 Summon Water Elemental
2 Brilliance Aura
» actions
| Assign group hotkey | 36 | |
| Basic commands | 59 | |
| Build / train | 42 | |
| ESC pressed | 6 | |
| Enter build submenu | 30 | |
| Enter hero's abilities submenu | 4 | |
| Give item / drop item | 7 | |
| Right click | 861 | |
| Select / deselect | 344 | |
| Select group hotkey | 940 | |
| Use ability | 46 | |
2375 total
» units
| Peasant | 8 | |
| Rifleman | 16 | |
| Mortar Team | 7 | |
31 total
» upgrades
» buildings
| Farm | 15 | |
| Altar of Kings | 1 | |
| Barracks | 1 | |
| Blacksmith | 1 | |
| Arcane Vault | 1 | |
| Lumber Mill | 1 | |
| Keep | 1 | |
| Workshop | 3 | |
24 total
» build order
00:43 Farm
00:48 Altar of Kings
00:49 Barracks
00:57 Blacksmith
01:22 Farm
02:27 Farm
03:00 Arcane Vault
03:17 Farm
04:06 Lumber Mill
04:30 Farm
04:44 Keep
05:36 Farm
07:15 Workshop
07:17 Workshop
07:46 Workshop
07:53 Farm
08:22 Farm
10:08 Farm
11:27 Farm
15:14 Farm
15:16 Farm
15:17 Farm
15:19 Farm
15:20 Farm
» items
| Scroll of Regeneration | 2 | |
| Scroll of Town Portal | 1 | |
3 total

»
rAnaldinho (
orange | 89 APM | 1991 actions | 22:21)
4 Tauren Chieftain
2 Endurance Aura
2 War Stomp
1 Archmage
1 Summon Water Elemental
» actions
| Assign group hotkey | 23 | |
| Build / train | 72 | |
| ESC pressed | 5 | |
| Enter build submenu | 22 | |
| Enter hero's abilities submenu | 5 | |
| Right click | 1295 | |
| Select / deselect | 326 | |
| Select group hotkey | 161 | |
| Use ability | 82 | |
1991 total
» units
| Peon | 12 | |
| Grunt | 11 | |
| Forest Troll Shadow Priest | 1 | |
| Ogre Mauler | 1 | |
| Forest Troll Berserker | 2 | |
| Tauren | 12 | |
| Mortar Team | 4 | |
| Flying Machine | 4 | |
47 total
» upgrades
| Reinforced Defenses | 1 | |
| Spiked Barricades | 1 | |
| Armor | 3 | |
| Melee Weapons | 2 | |
| Pulverize | 1 | |
| Lumber Harvesting | 1 | |
| Masonry | 1 | |
| Flak Cannons | 1 | |
11 total
» buildings
| Altar of Storms | 1 | |
| Orc Burrow | 6 | |
| Barracks | 1 | |
| Stronghold | 1 | |
| War Mill | 1 | |
| Voodoo Lounge | 3 | |
| Watch Tower | 3 | |
| Great Hall | 1 | |
| Fortress | 1 | |
| Tauren Totem | 2 | |
20 total
» build order
00:14 Altar of Storms
00:26 Orc Burrow
00:32 Barracks
01:33 Orc Burrow
02:57 Stronghold
03:55 War Mill
04:14 Voodoo Lounge
04:48 Orc Burrow
06:41 Watch Tower
06:50 Voodoo Lounge
08:15 Watch Tower
08:21 Watch Tower
08:31 Orc Burrow
08:54 Voodoo Lounge
09:44 Orc Burrow
11:25 Great Hall
12:30 Fortress
12:36 Tauren Totem
13:06 Orc Burrow
13:12 Tauren Totem
» items
| Lesser Clarity Potion | 1 | |
| Scroll of Town Portal | 2 | |
| Healing Salve | 1 | |
4 total

»
TALONSAREIMBA (
blue | 149 APM | 4076 actions | 27:17)
7 Keeper of the Grove
3 Entangling Roots
3 Thorns Aura
1 Tranquility
5 Priestess of the Moon
3 Trueshot Aura
1 Searing Arrows
1 Starfall
» actions
| Assign group hotkey | 41 | |
| Basic commands | 243 | |
| Build / train | 98 | |
| ESC pressed | 7 | |
| Enter build submenu | 24 | |
| Enter hero's abilities submenu | 12 | |
| Remove unit from queue | 2 | |
| Right click | 2167 | |
| Select / deselect | 707 | |
| Select group hotkey | 669 | |
| Use ability | 106 | |
4076 total
» units
| Wisp | 25 | |
| Archer | 23 | |
| Hippogryph | 16 | |
64 total
» upgrades
| Improved Bows | 1 | |
| Strength of the Moon | 3 | |
| Marksmanship | 1 | |
| Moon Armor | 3 | |
8 total
» buildings
| Altar of Elders | 1 | |
| Moon Well | 6 | |
| Ancient of War | 4 | |
| Tree of Ages | 1 | |
| Hunter's Hall | 1 | |
| Tree of Life | 3 | |
| Ancient of Wind | 1 | |
| Ancient of Wonders | 1 | |
| Tree of Eternity | 1 | |
| Ancient Protector | 1 | |
20 total
» build order
00:04 Altar of Elders
00:06 Moon Well
00:25 Ancient of War
01:37 Moon Well
03:02 Ancient of War
03:24 Tree of Ages
03:43 Moon Well
03:46 Hunter's Hall
04:34 Tree of Life
06:32 Ancient of Wind
06:34 Ancient of War
07:45 Ancient of Wonders
08:49 Tree of Eternity
08:54 Moon Well
12:42 Ancient Protector
18:03 Ancient of War
18:17 Tree of Life
18:51 Moon Well
18:54 Moon Well
20:07 Tree of Life
» items
| Scroll of Town Portal | 4 | |
| Orb of Venom | 1 | |
| Potion of Healing | 2 | |
7 total
team 2 (winner)

»
EZgameEZlyf (
teal | 138 APM | 3777 actions | 27:17)
6 Archmage
3 Summon Water Elemental
2 Brilliance Aura
1 Mass Teleport
5 Mountain King
3 Storm Bolt
2 Bash
» actions
| Assign group hotkey | 62 | |
| Basic commands | 5 | |
| Build / train | 88 | |
| ESC pressed | 2 | |
| Enter build submenu | 25 | |
| Enter hero's abilities submenu | 11 | |
| Give item / drop item | 5 | |
| Right click | 1597 | |
| Select / deselect | 291 | |
| Select group hotkey | 1583 | |
| Use ability | 108 | |
3777 total
» units
| Peasant | 15 | |
| Rifleman | 10 | |
| Forest Troll Shadow Priest | 1 | |
| Mortar Team | 5 | |
| Flying Machine | 12 | |
43 total
» upgrades
| Gunpowder | 3 | |
| Armor | 2 | |
| Masonry | 2 | |
| Lumber Harvesting | 1 | |
| Long Rifles | 1 | |
| Flare | 1 | |
| Fragmentation Shards | 1 | |
| Flak Cannons | 1 | |
| Plating | 1 | |
| Flying Machine Bombs | 1 | |
14 total
» buildings
| Farm | 12 | |
| Altar of Kings | 1 | |
| Blacksmith | 1 | |
| Barracks | 1 | |
| Arcane Vault | 1 | |
| Lumber Mill | 1 | |
| Town Hall | 3 | |
| Scout Tower | 6 | |
| Keep | 1 | |
| Guard Tower | 4 | |
| Workshop | 2 | |
| Castle | 1 | |
34 total
» build order
00:19 Farm
00:20 Altar of Kings
01:13 Farm
01:27 Blacksmith
01:36 Barracks
01:52 Farm
01:53 Farm
02:57 Arcane Vault
03:13 Farm
04:44 Lumber Mill
06:12 Town Hall
06:13 Scout Tower
06:14 Scout Tower
06:16 Scout Tower
06:30 Keep
06:41 Farm
07:07 Guard Tower
09:20 Workshop
09:21 Workshop
09:23 Castle
09:25 Farm
09:25 Farm
09:28 Farm
09:29 Farm
10:59 Scout Tower
11:01 Scout Tower
11:02 Scout Tower
11:55 Guard Tower
12:03 Guard Tower
12:13 Farm
12:13 Farm
13:11 Guard Tower
15:25 Town Hall
21:08 Town Hall
» items
| Scroll of Regeneration | 4 | |
| Lesser Clarity Potion | 1 | |
| Potion of Healing | 2 | |
| Potion of Mana | 2 | |
| Scroll of Town Portal | 3 | |
12 total
DeLi (
pink | 122 APM | 3332 actions | 27:17)
5 Archmage
3 Summon Water Elemental
2 Brilliance Aura
4 Mountain King
2 Storm Bolt
2 Thunder Clap
3 Paladin
2 Holy Light
1 Divine Shield
» actions
| Assign group hotkey | 221 | |
| Basic commands | 99 | |
| Build / train | 129 | |
| ESC pressed | 1 | |
| Enter build submenu | 19 | |
| Enter hero's abilities submenu | 12 | |
| Give item / drop item | 5 | |
| Remove unit from queue | 1 | |
| Right click | 1395 | |
| Select / deselect | 388 | |
| Select group hotkey | 895 | |
| Use ability | 167 | |
3332 total
» units
| Peasant | 22 | |
| Footman | 6 | |
| Rifleman | 12 | |
| Priest | 14 | |
| Mortar Team | 8 | |
62 total
» upgrades
| Gunpowder | 3 | |
| Masonry | 1 | |
| Long Rifles | 1 | |
| Armor | 3 | |
| Flare | 1 | |
| Priest Training | 2 | |
| Lumber Harvesting | 2 | |
| Fragmentation Shards | 1 | |
14 total
» buildings
| Altar of Kings | 1 | |
| Barracks | 1 | |
| Farm | 14 | |
| Town Hall | 1 | |
| Arcane Vault | 1 | |
| Blacksmith | 1 | |
| Keep | 2 | |
| Lumber Mill | 1 | |
| Scout Tower | 6 | |
| Arcane Tower | 1 | |
| Guard Tower | 8 | |
| Arcane Sanctum | 1 | |
| Workshop | 1 | |
| Castle | 1 | |
40 total
» build order
00:11 Altar of Kings
00:15 Barracks
00:24 Farm
00:41 Farm
01:33 Farm
03:30 Town Hall
03:50 Arcane Vault
04:49 Blacksmith
05:04 Keep
05:04 Keep
05:56 Lumber Mill
06:18 Scout Tower
06:19 Scout Tower
06:19 Scout Tower
06:19 Scout Tower
06:19 Scout Tower
06:19 Scout Tower
06:32 Farm
06:33 Farm
06:33 Farm
06:35 Farm
06:35 Farm
07:07 Arcane Tower
07:12 Guard Tower
07:12 Guard Tower
07:37 Arcane Sanctum
08:30 Workshop
08:36 Guard Tower
08:36 Guard Tower
08:55 Farm
08:55 Farm
09:29 Guard Tower
09:29 Guard Tower
09:34 Guard Tower
09:45 Guard Tower
10:06 Castle
16:27 Farm
16:27 Farm
16:28 Farm
16:28 Farm
» items
| Boots of Speed | 1 | |
| Staff of Teleportation | 1 | |
| Scroll of Regeneration | 4 | |
| Lesser Clarity Potion | 6 | |
| Scroll of Town Portal | 6 | |
18 total
EU_SOU_O_FODAO (
yellow | 80 APM | 2193 actions | 27:17)
4 Keeper of the Grove
2 Entangling Roots
2 Force of Nature
3 Priestess of the Moon
1 Searing Arrows
2 Trueshot Aura
» actions
| Assign group hotkey | 108 | |
| Basic commands | 2 | |
| Build / train | 64 | |
| ESC pressed | 12 | |
| Enter build submenu | 19 | |
| Enter hero's abilities submenu | 7 | |
| Right click | 1069 | |
| Select / deselect | 361 | |
| Select group hotkey | 445 | |
| Use ability | 106 | |
2193 total
» units
| Wisp | 12 | |
| Huntress | 11 | |
| Dryad | 3 | |
| Mountain Giant | 8 | |
34 total
» upgrades
| Abolish Magic | 1 | |
| Hardened Skin | 1 | |
| Reinforced Hides | 1 | |
| Nature's Blessing | 1 | |
4 total
» buildings
| Altar of Elders | 3 | |
| Moon Well | 7 | |
| Hunter's Hall | 1 | |
| Ancient of War | 2 | |
| Tree of Ages | 2 | |
| Ancient of Wonders | 1 | |
| Ancient of Lore | 2 | |
| Tree of Eternity | 2 | |
| Tree of Life | 2 | |
| Ancient of Wind | 1 | |
23 total
» build order
00:21 Altar of Elders
00:24 Altar of Elders
00:38 Moon Well
01:47 Hunter's Hall
02:05 Ancient of War
02:18 Moon Well
02:35 Ancient of War
02:54 Moon Well
04:14 Moon Well
04:47 Moon Well
06:23 Tree of Ages
06:23 Tree of Ages
08:25 Ancient of Wonders
08:47 Ancient of Lore
08:52 Ancient of Lore
12:04 Moon Well
12:32 Tree of Eternity
12:32 Tree of Eternity
12:53 Tree of Life
13:11 Moon Well
13:46 Ancient of Wind
16:36 Altar of Elders
19:43 Tree of Life
» items
| Moonstone | 1 | |
| Scroll of Town Portal | 2 | |
| Potion of Healing | 1 | |
| Orb of Venom | 1 | |
5 total
Uhtred (
purple | 46 APM | 1254 actions | 27:10)
5 Archmage
1 Summon Water Elemental
3 Brilliance Aura
1 Blizzard
4 Paladin
2 Holy Light
2 Divine Shield
3 Mountain King
2 Storm Bolt
1 Thunder Clap
» actions
| Assign group hotkey | 33 | |
| Basic commands | 15 | |
| Build / train | 116 | |
| Enter build submenu | 38 | |
| Enter hero's abilities submenu | 15 | |
| Give item / drop item | 1 | |
| Right click | 262 | |
| Select / deselect | 330 | |
| Select group hotkey | 317 | |
| Use ability | 127 | |
1254 total
» units
| Peasant | 13 | |
| Rifleman | 20 | |
| Priest | 3 | |
| Siege Engine | 3 | |
| Sorceress | 1 | |
40 total
» upgrades
| Gunpowder | 3 | |
| Armor | 3 | |
| Masonry | 3 | |
| Long Rifles | 1 | |
| Lumber Harvesting | 2 | |
| Barrage | 1 | |
| Plating | 3 | |
| Priest Training | 1 | |
| Magic Sentry | 1 | |
18 total
» buildings
| Altar of Kings | 1 | |
| Farm | 13 | |
| Blacksmith | 1 | |
| Barracks | 1 | |
| Scout Tower | 10 | |
| Arcane Tower | 2 | |
| Lumber Mill | 1 | |
| Arcane Vault | 2 | |
| Town Hall | 1 | |
| Guard Tower | 12 | |
| Keep | 1 | |
| Castle | 1 | |
| Arcane Sanctum | 2 | |
| Workshop | 3 | |
51 total
» build order
00:23 Altar of Kings
00:34 Farm
01:13 Farm
01:22 Blacksmith
01:49 Barracks
02:06 Scout Tower
02:37 Arcane Tower
02:43 Farm
03:28 Farm
03:43 Lumber Mill
04:30 Arcane Vault
05:28 Town Hall
06:30 Scout Tower
07:00 Guard Tower
07:03 Scout Tower
07:06 Scout Tower
07:13 Keep
07:38 Arcane Tower
07:40 Guard Tower
07:44 Arcane Vault
09:32 Scout Tower
10:00 Castle
10:07 Scout Tower
10:12 Guard Tower
10:39 Guard Tower
11:01 Scout Tower
11:26 Guard Tower
11:42 Guard Tower
13:00 Farm
14:10 Guard Tower
15:54 Arcane Sanctum
16:00 Guard Tower
16:24 Workshop
16:50 Farm
17:38 Workshop
17:50 Arcane Sanctum
17:59 Farm
18:06 Scout Tower
18:41 Farm
18:47 Workshop
18:51 Guard Tower
19:15 Guard Tower
19:45 Guard Tower
21:26 Farm
22:09 Farm
24:00 Farm
24:52 Farm
24:55 Scout Tower
26:29 Guard Tower
26:32 Farm
26:34 Scout Tower
» items
| Scroll of Regeneration | 5 | |
| Lesser Clarity Potion | 1 | |
| Scroll of Town Portal | 6 | |
| Ivory Tower | 8 | |
| Potion of Healing | 1 | |
| Potion of Lesser Invulnerability | 1 | |
| Periapt of Vitality | 2 | |
| Orb of Fire | 1 | |
| Staff of Sanctuary | 1 | |
| Boots of Speed | 1 | |
27 total
Chat log
(00:16 / Allies) TALONSAREIMBA: ah the return of a 4s legend
(01:55 / Allies) TALONSAREIMBA: man i sitll remember build orders after 9 years
(02:00 / Allies) TALONSAREIMBA: crazy
(02:01 / Allies) rAnaldinho: :D
(05:06 / Allies) TALONSAREIMBA: coming
(05:16 / Allies) TALONSAREIMBA: focusing am
(06:40 / All) sivart: come on.. lets play
(07:03 / Allies) TALONSAREIMBA: holy shit ppl r noobie
(07:11 / Allies) sivart: need rod
(07:13 / Allies) TALONSAREIMBA: this will be funy
(07:13 / Allies) sivart: lets push and end
(08:00 / All) sivart: gj
(08:00 / All) sivart: rofl
(09:26 / Allies) TALONSAREIMBA: coming
(10:56 / Allies) sivart: get expos up
(10:58 / Allies) sivart: u fucking retards
(11:00 / Allies) sivart: wtf ar eu doing
(11:01 / Allies) sivart: jesus
(11:12 / Allies) sivart: what are u pinging for
(11:26 / All) sivart: how many clan ez noobs do i have on my team
(11:29 / All) sivart: and how many am i facing
(11:35 / All) EZgameEZlyf: ez #1
(11:46 / Allies) sivart: go
(11:47 / Allies) sivart: ff on main
(11:48 / Allies) sivart: with
(11:50 / Allies) sivart: morts
(11:54 / Allies) sivart: main
(11:55 / Allies) sivart: now
(11:55 / Allies) ralphmacchio7: fine you tanks
(11:55 / Allies) sivart: go
(12:24 / Allies) TALONSAREIMBA: gonna go hih upkeep
(12:25 / Allies) TALONSAREIMBA: and end
(12:28 / Allies) sivart: b
(13:01 / Allies) TALONSAREIMBA: no
(13:01 / Allies) TALONSAREIMBA: b
(13:58 / Allies) sivart: wood now
(14:08 / Allies) ralphmacchio7: 2
(16:11 / All) sivart: just kill my units
(16:13 / All) sivart: team is retarded
(16:16 / All) sivart: 2 of them doing even have expos
(16:24 / Allies) ralphmacchio7: and you going air against mass anti air
(16:30 / Allies) ralphmacchio7: 3 aa teams for your frost
(16:32 / Allies) sivart: just
(16:32 / Allies) sivart: shut
(16:33 / Allies) sivart: the fuck up
(16:35 / All) DeLi: that'll show em
(16:41 / All) EZgameEZlyf: clan ez #1
(16:42 / All) EZgameEZlyf: ty
(17:23 / Allies) TALONSAREIMBA: winnable
(17:26 / Allies) TALONSAREIMBA: they have 2 retards too
(18:34 / Allies) TALONSAREIMBA: no ud too
(18:42 / Allies) sivart: what are we doing
(18:45 / Allies) sivart: im not trying to think
(18:47 / Allies) sivart: about how to win
(18:52 / Allies) sivart: not in the mood
(19:20 / Allies) sivart: hope u got lust
(20:29 / Allies) sivart: right
(20:36 / All) EZgameEZlyf: wow
(21:11 / All) sivart: lol
(21:45 / Allies) TALONSAREIMBA: im too rusty
(22:26 / All) EU_SOU_O_FODAO: LEAVE NOOB
(22:33 / All) TALONSAREIMBA: whys the bad ne talking shit LOL
(22:42 / All) TALONSAREIMBA: im rly confused
(22:44 / All) EU_SOU_O_FODAO: LEAVE NOW
(23:04 / All) EU_SOU_O_FODAO: SUCK MY COCK
(23:06 / All) DeLi: WE ARE BETTER AT WARCRAFT 3 THE FROZEN THRONE EXPANSION PACK THAN YOU ARE
(23:08 / All) EZgameEZlyf: ggclan ez
(24:00 / All) EU_SOU_O_FODAO: leave motherfucker
(24:04 / All) EU_SOU_O_FODAO: leave now
(24:35 / All) TALONSAREIMBA: rofl
(24:37 / All) DeLi: Xd
(24:49 / All) TALONSAREIMBA: if this were a diff game
(24:54 / All) TALONSAREIMBA: u would b very unluick
(25:00 / All) DeLi: U R SO TOUGH
(25:12 / All) TALONSAREIMBA: i never broke 48 good
(25:15 / All) TALONSAREIMBA: food*
(26:30 / All) TALONSAREIMBA: fight
(26:50 / All) DeLi: yeah im gonna fight you with a few riflemen
(26:53 / All) DeLi: vs lvl 7/6 heroes
(26:56 / All) DeLi: xD
(27:01 / All) TALONSAREIMBA: Aww
(27:10 / All) TALONSAREIMBA: for reforged :)